 Dungeon Crawl Stone Soup version 0.27.1-2-g3b301248ec (webtiles) character file.

Game seed: 9607849100942675809

100 barney the Insei (level 4, -2/36 HPs)
             Began as a Draconian Transmuter on Sept 26, 2021.
             Slain by Ijyb (7 damage)
             ... on level 2 of the Dungeon.
             The game lasted 00:02:22 (3244 turns).

barney the Insei (Draconian Transmuter)             Turns: 3244, Time: 00:02:22

Health: -2/36      AC:  5    Str: 12    XL:     4   Next: 47%
Magic:  6/7        EV: 12    Int: 14    God:
Gold:   31         SH:  0    Dex: 12    Spells: 7/8 levels left

rFire    . . .     SeeInvis .   e - +2 trident (freeze)
rCold    . . .     Faith    .   (no shield)
rNeg     . . .     Spirit   .   (armour unavailable)
rPois    .         Reflect  .   (helmet currently unavailable)
rElec    .         Harm     .   (no cloak)
rCorr    .         Rampage  .   (no gloves)
Will     .....                  (boots currently unavailable)
Stlth    +.........             (no amulet)
HPRegen  0.12/turn              (no ring)
MPRegen  0.10/turn              (no ring)

@: appendages
A: horns 2, talons 2, AC +5, unfitting armour, cold-blooded
a: End Transformation


You were on level 2 of the Dungeon.
You had temporarily grown beastly horns and talons.
You visited 1 branch of the dungeon, and saw 3 of its levels.

You collected 31 gold pieces.

Inventory:

Hand Weapons
 d - a +1 dagger of protection
 e - a +2 trident of freezing (weapon)
 h - a +1 hand axe of electrocution
Scrolls
 a - a scroll of teleportation {unknown}
 b - a scroll of amnesia {unknown}
 f - 4 scrolls of enchant weapon {unknown}
 g - a scroll of immolation {unknown}


   Skills:
 + Level 1.8 Fighting
 + Level 2.2 Dodging
 * Level 3.7 Unarmed Combat
 + Level 2.5 Spellcasting
 * Level 3.1 Transmutations


You had 7 spell levels left.
You knew the following spells:

 Your Spells              Type           Power      Damage    Failure   Level
a - Beastly Appendage     Tmut           20%        N/A       6%          1

Your spell library contained the following spells:

 Spells                   Type           Power      Damage    Failure   Level
 Wereblood                Tmut           10%        N/A       10%         2
 Spider Form              Tmut/Pois      3%         N/A       34%         3
 Ice Form                 Ice/Tmut       6%         N/A       75%         4


Dungeon Overview and Level Annotations

Branches:
Dungeon (3/15)

Altars:

Annotations:
D:2 Ijyb


Innate Abilities, Weirdness & Mutations

You have temporarily grown beastly horns and talons.
Your plain brown scales are hard. (AC +5)
You cannot fit into any form of body armour.
You are cold-blooded and may be slowed by cold attacks.


Message History

No target in view!
No target in view!
No target in view!
No target in view!
You barely miss something. Something hits you.
You miss something. Something hits you. Something hits you but does no damage.
Ijyb barely misses you.
You closely miss something. Ijyb barely misses you.
Something hits you but does no damage.
You closely miss something. You tail-slap something. Ijyb closely misses you.
Ijyb hits you with a +0 club. Something hits you but does no damage.
You closely miss Ijyb. Ijyb misses you. Something hits you but does no damage.
Ijyb barely misses you.
You hit Ijyb but do no damage. Ijyb hits you with a +0 club!
Something hits you. Ijyb barely misses you.
Something hits you but does no damage. Ijyb hits you with a +0 club.
* * * LOW HITPOINT WARNING * * *
You see here a +0 flail.
There is a stone staircase leading up here.
You feel better. Ijyb hits you with a +0 club. Ijyb closely misses you.
Ijyb closely misses you.
You climb upwards.
Reactivating autopickup.
There is a stone staircase leading down here.
You aren't carrying any potions.
Unknown command.
Sorry, you're not good enough to have a special ability.
Casting: Beastly Appendage (safe; 6% risk of failure)
Confirm with . or Enter, or press ? or * to list all spells.
You grow a pair of large bovine horns.
Your feet morph into talons.
Ijyb closely misses you. Ijyb hits you with a +0 club.
Unknown command.
You barely miss Ijyb. Ijyb hits you with a +0 club.
Ijyb hits you with a +0 club!
* * * LOW HITPOINT WARNING * * *
You hit Ijyb. You freeze Ijyb. You claw Ijyb.
Ijyb is moderately wounded.
Ijyb hits you with a +0 club!
You die...

#........'...'.....'....
#........#####.....###.#
#........# ####......#
#........# #..#...^#.#
#........# #..#....#..
#######'## #..#....###
#.######..#....###
########g#.......#.......
#.......@................
#.######.###.#.....###...
#.######...........###...
#.##......(PPPPPPP.PPP###
######.##.#####.....P.P...P#
#...............PPP.P.P.P.P###
###.####.##.##....P.P.P...P.....
#.....##<##.######P.P.P.P.PPP...
#.#.#.#####.# ##P.....P...P...


You could see Ijyb (berserk).

Vanquished Creatures
  Terence (D:2)
  2 adders (D:2)
  A dart slug (D:1)
  5 orcs (D:3)
  6 ball pythons
  4 endoplasms
  A giant cockroach (D:1)
  5 hobgoblins
  8 kobolds (D:1)
  2 quokkas (D:2)
  4 bats
  4 frilled lizards
  A goblin (D:1)
  6 rats
  A bush (D:2)
51 creatures vanquished.

Vanquished Creatures (others)
  10 plants (D:1)
10 creatures vanquished.

Grand Total: 61 creatures vanquished

Notes
Turn   | Place    | Note
-------+----------+-------------------------------------------
     0 | D:1      | barney the Draconian Transmuter began the quest for the
                  | Orb.
     0 | D:1      | Reached XP level 1. HP: 16/16 MP: 3/3
   789 | D:1      | Reached XP level 2. HP: 13/23 MP: 3/5
  1646 | D:1      | Reached XP level 3. HP: 22/28 MP: 4/6
  2540 | D:2      | Found a faded altar of an unknown god.
  2821 | D:2      | Noticed Terence
  2838 | D:2      | Killed Terence
  2839 | D:2      | Reached XP level 4. HP: 33/36 MP: 7/7
  3223 | D:3      | Noticed Ijyb
  3244 | D:2      | Slain by Ijyb

Illustrated notes

Levels and vault maps discovered:
D:1:      mainiacjoe_arrival_reflecting_pool, layout_basic,
          lexackson_kobold_supper
D:2:      layout_basic, dreamdust_ecumenical_altar_angels_and_demons,
          minmay_misc_feat_room, minmay_hedge_maze, uniq_terence
D:3:      gammafunk_steamed_eel, layout_rooms, nicolae_qazlal_scattered_showers,
          fountainhead, uniq_natasha, uniq_ijyb

Skill      XL: |  1  2  3 |
---------------+----------+-----
Dodging        | 2 |  2.2
Transmutations | 3 |  3.1
Fighting       | |  1.8
Unarmed Combat | |  3.7
Spellcasting   | |  2.5

Action                   |  1- 3 |  4- 6 || total
-------------------------+-------+-------++-------
Melee: Unarmed           |    91 |       ||    91
       Tailslap          |    70 |     3 ||    73
       Headbutt          |     7 |       ||     7
       Kick              |     6 |     1 ||     7
       Dagger            |   334 |     2 ||   336
       Punch             |     1 |       ||     1
       Trident           |       |    22 ||    22
 Cast: Beastly Appendage |     7 |     1 ||     8
  Use: Potion            |     3 |     1 ||     4
 Stab: Sleeping          |       |     2 ||     2
Armor: Skin              |    68 |     9 ||    77
Dodge: Dodged            |   125 |    14 ||   139
